Map: Prion Terraces

Players

lesha - Winner!

  • Race: Terran Terran

A.I. 1 (Elite)

  • Race: Zerg Zerg

VOD

Have the link to the VOD?

Description

Time

  • Played on: Dec. 5, 2015, 9:10 a.m.
  • Length: 16:24
Show
View Real Time Build Order
Export as new Build Order

lesha Terran - Winner!

Build Orders: MMM Bio 

Get SALT Encoding   

  12  0:01  SCV  
  13  0:13  SCV  
  14  0:18  Supply Depot  
  14  0:28  SCV  
  15  0:40  SCV  
  15  0:41  Barracks  
  16  0:52  SCV  
  17  1:04  SCV  
  18  1:16  SCV  
  19  1:19  Command Center  
  19  1:29  Orbital Command  
  19  1:38  Refinery  
  19  1:40  Refinery  
  19  1:45  Marine  
  20  1:57  SCV  
  21  2:09  SCV  
  21  2:13  Marine  
  23  2:15  Supply Depot  
  23  2:21  SCV  
  23  2:31  Orbital Command  
  23  2:33  SCV  
  24  2:40  Barracks  
  24  2:41  Factory  
  24  2:45  SCV  
  25  2:54  Marine  
  25  2:57  SCV  
  27  3:04  Bunker  
  27  3:06  SCV  
  27  3:12  SCV  
  29  3:18  SCV  
  30  3:24  SCV  
  31  3:30  SCV  
  32  3:35  Marine x2  
  32  3:37  Factory Tech Lab, Supply Depot  
  34  3:41  Supply Depot  
  34  3:51  Bunker  
  21  4:12  Marine x2  
  21  4:14  Siege Tank  
  26  4:30  Marine x2  
  28  4:45  Orbital Command  
  28  4:47  SCV  
  28  4:48  Marine x2  
  28  4:49  Starport  
  31  4:59  SCV  
  32  5:10  Bunker  
  32  5:12  SCV x2  
  34  5:16  Barracks Tech Lab  
  34  5:23  Barracks Reactor  
  34  5:24  SCV x2  
  36  5:30  Barracks  
  36  5:32  Barracks  
  36  5:35  Engineering Bay, Starport Reactor  
  36  5:36  SCV  
  36  5:38  Stimpack  
  36  5:40  Siege Tank  
  40  5:49  SCV x2  
  42  5:57  Supply Depot  
  42  5:58  Supply Depot  
  42  6:00  Supply Depot  
  42  6:01  SCV x2, Marine x2  
  42  6:03  Command Center  
  46  6:07  Engineering Bay  
  46  6:08  Terran Infantry Weapons Level 1  
  46  6:17  Supply Depot  
  46  6:18  Supply Depot, SCV  
  46  6:19  SCV, Marauder, Marine x2  
  46  6:24  Barracks Reactor  
  52  6:31  SCV x2  
  54  6:37  Marine  
  55  6:40  Marauder  
  55  6:43  SCV, Bunker  
  58  6:47  Marine  
  59  6:56  Terran Infantry Armor Level 1  
  59  6:59  Barracks Reactor  
  59  7:04  Refinery  
  59  7:06  SCV x2  
  59  7:07  Refinery  
  61  7:17  Supply Depot  
  61  7:18  Supply Depot, SCV x2  
  63  7:30  SCV x2  
  63  7:35  Marine, Marauder  
  63  7:36  Marine x5  
  73  7:38  Medivac x2  
  77  7:52  SCV  
  77  7:53  SCV x2, Marine x2  
  77  7:56  Marine, Marauder  
  77  7:57  Marine x3  
  88  8:05  SCV x3  
  91  8:08  Medivac  
  91  8:11  Marine x2  
  95  8:14  Marine  
  95  8:16  Marine x3  
  95  8:17  SCV x3  
  95  8:18  Marauder  
  104  8:23  Armory  
  104  8:25  Combat Shields  
  104  8:29  SCV x3, Marine  
  108  8:36  Supply Depot  
  108  8:38  Supply Depot  
  108  8:39  Supply Depot, Marauder  
  108  8:41  SCV x3, Supply Depot  
  112  8:46  Medivac x2  
  117  8:57  Marine x6  
  117  8:58  SCV  
  117  9:01  Marauder  
  126  9:15  Marine  
  127  9:18  Barracks  
  127  9:19  Barracks  
  127  9:21  Barracks  
  127  9:22  Barracks x2, Marauder  
  129  9:32  Refinery x2  
  129  9:33  Orbital Command  
  129  9:39  Marine x5  
  129  9:40  Marine  
  129  9:43  Medivac, Marine  
  129  9:44  Command Center, Medivac  
  140  9:56  Marine x2  
  140  9:57  Marine  
  143  10:01  Marauder  
  145  10:07  Marine x2  
  145  10:08  Marine  
  148  10:14  Marine  
  148  10:15  Barracks Reactor  
  148  10:16  Barracks Reactor, Barracks Tech Lab x2  
  149  10:23  Supply Depot  
  149  10:24  Supply Depot x2  
  149  10:25  Supply Depot  
  149  10:45  SCV x2, Marine x4, Medivac x2, Marauder x3  
  149  10:46  Barracks Reactor, SCV, Marine x2  
  168  10:57  SCV x2  
  170  10:58  SCV  
  170  11:03  Marine x6  
  177  11:06  Marauder x2, Marine  
  182  11:13  SCV x3  
  182  11:15  Medivac x2  
  189  11:20  Terran Infantry Weapons Level 2  
  189  11:21  Marine, Terran Infantry Armor Level 2  
  190  11:29  Missile Turret  
  190  11:42  Marine x6  
  196  11:51  Supply Depot, Missile Turret  
  196  12:12  Missile Turret, Marine x4  
  200  12:25  Marine  
  200  12:26  Marine x6  
  200  12:28  Medivac, Marauder x3  
  187  12:35  Missile Turret  
  176  12:43  Marine x3  
  176  12:44  Marine x7  
  180  12:45  Marine x2  
  180  12:47  Medivac  
  180  12:49  Marauder, Marine  
  180  12:50  Marauder  
  195  12:57  Missile Turret  
  195  12:58  Medivac  
  195  13:01  Marine x3  
  200  13:29  Missile Turret  
  198  13:49  Marine x2  
  198  13:52  Missile Turret  
  200  14:07  Orbital Command  
  200  14:16  Missile Turret  
  200  14:38  Missile Turret  
  200  14:43  Command Center  
  200  14:45  Command Center  
  200  14:47  Command Center  
  200  14:51  Refinery  
  200  14:53  Refinery  
  200  15:22  Command Center  
Show
View Real Time Build Order
Export as new Build Order

A.I. 1 (Elite) Zerg 

Build Orders: Pool First, Zergling Baneling 

Get SALT Encoding   

  12  0:00  Drone  
  13  0:08  Drone  
  14  0:17  Overlord  
  14  0:35  Spawning Pool  
  14  0:36  Extractor  
  14  0:38  Drone  
  14  0:42  Drone  
  14  0:47  Drone  
  15  1:23  Zergling x6  
  15  1:24  Queen  
  20  1:42  Hatchery  
  20  1:46  Drone  
  20  1:52  Zergling x2  
  21  1:58  Zergling x2  
  22  2:09  Overlord  
  22  2:20  Baneling Nest  
  21  2:25  Drone  
  22  2:30  Zergling x2  
  22  2:36  Zergling x2  
  24  2:41  Zergling x2  
  25  2:46  Zergling x2  
  26  3:03  Baneling x3  
  26  3:04  Baneling  
  26  3:05  Baneling  
  26  3:06  Baneling  
  26  3:07  Zergling x2  
  26  3:12  Zergling x2  
  28  3:16  Zergling x2  
  28  3:18  Baneling  
  29  3:23  Zergling x2  
  29  3:24  Baneling  
  30  3:33  Overlord  
  30  3:37  Zergling x2  
  31  3:41  Zergling x2  
  31  3:46  Zergling x2  
  33  3:51  Zergling x2  
  34  3:55  Zergling x2  
  34  3:57  Baneling  
  29  4:03  Baneling x2  
  29  4:08  Baneling  
  29  4:09  Baneling  
  27  4:10  Zergling x2  
  27  4:15  Zergling x2  
  27  4:16  Baneling  
  29  4:18  Baneling  
  29  4:22  Drone  
  30  4:32  Drone  
  30  4:37  Drone  
  30  4:45  Roach Warren  
  28  4:54  Drone  
  28  4:57  Drone  
  30  5:15  Lair  
  30  5:26  Roach  
  30  5:28  Extractor  
  31  5:33  Drone  
  32  5:42  Extractor  
  31  5:43  Drone  
  31  5:49  Drone, Extractor  
  32  5:50  Drone  
  32  5:52  Drone  
  32  5:55  Drone  
  35  6:04  Drone, Overlord  
  37  6:11  Drone  
  37  6:17  Hydralisk Den  
  37  6:18  Drone  
  37  6:20  Drone, Roach  
  37  6:25  Roach  
  42  6:30  Roach  
  42  6:31  Roach  
  46  6:33  Overlord  
  46  6:39  Roach  
  48  6:48  Drone, Hydralisk  
  51  6:55  Hydralisk  
  51  6:59  Drone  
  54  7:05  Overlord  
  54  7:09  Drone  
  54  7:12  Drone  
  56  7:16  Drone  
  56  7:19  Drone  
  56  7:22  Drone  
  59  7:26  Drone  
  59  7:29  Drone  
  61  7:35  Overlord  
  61  7:38  Drone  
  61  7:41  Drone  
  61  7:43  Drone  
  64  7:46  Drone  
  64  7:49  Drone  
  64  7:51  Drone  
  67  7:54  Drone  
  68  7:58  Overlord  
  68  8:01  Drone  
  68  8:02  Drone  
  70  8:08  Drone  
  70  8:09  Overseer  
  70  8:10  Drone  
  73  8:20  Drone  
  73  8:21  Infestation Pit  
  73  8:22  Overlord  
  73  8:23  Drone  
  73  8:25  Drone  
  74  8:27  Drone  
  74  8:32  Drone  
  74  8:33  Drone  
  77  8:42  Drone  
  77  8:44  Drone  
  77  8:46  Metabolic Boost  
  79  8:49  Evolution Chamber  
  79  8:51  Overlord  
  79  8:52  Drone, Roach  
  79  8:53  Roach  
  83  8:56  Roach  
  83  8:58  Hatchery  
  84  9:04  Infestor  
  84  9:06  Drone  
  87  9:15  Roach  
  87  9:16  Zerg Melee Weapons Level 1  
  87  9:17  Overlord  
  89  9:23  Infestor  
  91  9:26  Evolution Chamber  
  91  9:29  Evolution Chamber  
  91  9:30  Hydralisk  
  91  9:33  Hydralisk  
  91  9:36  Infestor  
  91  9:38  Ravager  
  96  9:40  Overlord  
  96  9:42  Roach  
  98  9:45  Infestor  
  98  9:48  Roach  
  98  9:52  Zerg Ground Armor Level 1, Zergling x2  
  99  9:54  Baneling  
  99  9:55  Zerg Missile Weapons Level 1, Zergling x2  
  99  9:56  Zergling x4  
  99  9:57  Zergling x2  
  94  10:04  Zergling x2  
  91  10:08  Roach  
  91  10:10  Zergling x2  
  94  10:14  Drone  
  94  10:15  Ravager  
  94  10:19  Drone  
  94  10:21  Drone, Baneling x2  
  98  10:25  Drone  
  98  10:27  Hydralisk, Zergling x2  
  98  10:28  Drone  
  103  10:30  Roach  
  103  10:32  Zergling x2  
  103  10:33  Baneling  
  106  10:36  Baneling  
  106  10:37  Drone, Baneling x5  
  106  10:38  Baneling x4  
  106  10:40  Drone, Baneling  
  106  10:42  Overlord  
  108  10:47  Drone  
  108  10:48  Baneling x2  
  109  10:51  Centrifical Hooks, Zergling x2  
  109  10:52  Baneling x2  
  109  10:53  Zergling x2  
  111  10:59  Drone, Zergling x4  
  111  11:02  Zergling x2  
  111  11:03  Overlord  
  115  11:09  Zergling x2  
  115  11:10  Baneling  
  116  11:12  Zergling x2  
  116  11:13  Zerg Melee Weapons Level 2, Extractor  
  116  11:14  Zergling x2  
  117  11:20  Extractor, Zergling x2  
  117  11:23  Drone  
  117  11:25  Zergling x2  
  119  11:30  Overlord, Spine Crawler, Roach, Zergling x2  
  119  11:32  Drone, Spire  
  121  11:34  Hydralisk  
  121  11:36  Drone  
  124  11:42  Drone  
  124  11:44  Hive, Drone  
  124  11:46  Drone  
  127  11:53  Overlord  
  127  11:55  Drone  
  127  11:57  Drone  
  129  12:13  Zerg Missile Weapons Level 2  
  129  12:15  Hatchery  
  128  12:17  Drone  
  129  12:24  Baneling  
  129  12:25  Zergling x4  
  129  12:26  Zergling x2, Spine Crawler, Queen  
  129  12:27  Zergling x2  
  129  12:28  Zergling x2  
  111  12:31  Roach  
  111  12:32  Roach  
  78  12:42  Hydralisk  
  78  12:43  Corruptor, Roach  
  76  12:46  Mutalisk  
  76  12:48  Roach  
  82  12:52  Hydralisk  
  82  12:57  Roach  
  82  12:58  Greater Spire  
  78  13:02  Lair  
  78  13:05  Zergling x2, Overseer, Baneling  
  78  13:06  Zergling x2, Baneling x3  
  78  13:07  Roach  
  78  13:09  Roach  
  78  13:10  Infestor  
  78  13:12  Roach  
  87  13:19  Roach  
  88  13:21  Roach  
  90  13:27  Roach  
  90  13:30  Zergling x2  
  90  13:32  Drone  
  90  13:33  Drone, Roach, Zergling x2  
  75  13:37  Drone  
  75  13:38  Drone, Hydralisk  
  75  13:39  Drone  
  64  13:42  Hydralisk  
  64  13:48  Baneling  
  56  13:49  Zergling x2  
  56  13:51  Drone  
  57  14:06  Drone x2, Hydralisk  
  57  14:07  Roach  
  59  14:14  Drone  
  59  14:15  Drone  
  60  14:25  Drone x2, Roach  
  63  14:36  Drone x2, Roach  
  66  14:46  Drone x2, Roach  
  69  14:53  Drone  
  68  15:04  Drone  
  68  15:06  Drone x2  
  70  15:13  Drone  
  71  15:15  Drone x2, Infestor, Zergling x4  
  76  15:23  Drone  
  76  15:24  Zergling x2  
Tags
 
Add a new tag
Caveats
  • Supply blocks, unpowered buildings, or Contaminate may cause inaccurate times.
  • Supply counts are checked every 10 seconds.